 Dungeon Crawl Stone Soup version 0.29.1-15-g9cfb28693d (webtiles) character file.

Game seed: 1071517654286568055

4 DemonSlayer the Digger (level 1, 0/13 HPs)
             Began as a Demonspawn Earth Elementalist on Feb 28, 2023.
             Slain by an adder (2 damage)
             ... on level 2 of the Dungeon.
             The game lasted 00:00:56 (221 turns).

DemonSlayer the Digger (DsEE)                        Turns: 221, Time: 00:00:57

Health: 0/13       AC:  2    Str:  8    XL:     1   Next: 58%
Magic:  3/3        EV: 12    Int: 16    God:
Gold:   24         SH:  0    Dex: 13    Spells: 3/4 levels left

rFire   . . .      SeeInvis .   (no weapon)
rCold   . . .      Faith    .   (no shield)
rNeg    . . .      Spirit   .   a - +0 robe
rPois   .          Reflect  .   (no helmet)
rElec   .          Harm     .   (no cloak)
rCorr   .          Rampage  .   (no gloves)
Will    .....                   (no boots)
Stlth   ++........              (no amulet)
HPRegen 0.04/turn               (no ring)
MPRegen 0.08/turn               (no ring)

@: lethally poisoned (0 -> -1), very slightly contaminated
A: no striking features
a: no special abilities


You were on level 2 of the Dungeon.
You visited 1 branch of the dungeon, and saw 2 of its levels.

You collected 24 gold pieces.

Inventory:

Armour
 a - a +0 robe (worn)
Scrolls
 c - 2 scrolls of identify {unknown}
 d - a scroll of noise {unknown}
 g - a scroll of immolation {unknown}
Potions
 e - 2 potions of curing {unknown}
 f - a potion of brilliance {unknown}


   Skills:
 + Level 1.9 Dodging
 + Level 1.8 Stealth
 + Level 2.1 Spellcasting
 + Level 0.8 Transmutations
 + Level 2.7 Earth Magic


You had 3 spell levels left.
You knew the following spells:

 Your Spells              Type           Power      Damage    Failure   Level
a - Sandblast             Erth           20%        2d7       7%          1

Your spell library contained the following spells:

 Spells                   Type           Power      Damage    Failure   Level
 Passwall                 Tmut/Erth      5%         N/A       14%         2
 Magic Dart               Conj           4%         1d3       21%         1
 Wereblood                Tmut           4%         N/A       22%         2
 Blink                    Tloc           2%         N/A       30%         2
 Call Imp                 Summ           1%         N/A       30%         2
 Sublimation of Blood     Necr           1%         N/A       30%         2
 Stone Arrow              Conj/Erth      12%        3d7       34%         3
 Mephitic Cloud           Conj/Pois/Air  1%         N/A       52%         3
 Petrify                  Tmut/Erth      7%         N/A       67%         4
 Manifold Assault         Tloc           1%         N/A       99%         5
 Storm Form               Tmut/Air       1%         N/A       100%        7
 Summon Hydra             Summ           0%         N/A       100%        7


Dungeon Overview and Level Annotations

Branches:
Dungeon (2/15)

Altars:


Message History

You now have 13 gold pieces.
Found a stone staircase leading up.
Found a stone staircase leading up.
f - a ruby potion You now have 24 gold pieces (gained 11).
A bat comes into view.
A bat is nearby!
A bat is nearby!
A bat is nearby!
The blast of sand hits the bat!
You kill the bat!
You can't see any susceptible monsters within range! (Use Z to cast anyway.)
You can't see any susceptible monsters within range! (Use Z to cast anyway.)
You see here a bat corpse.
Found an escape hatch in the ceiling.
g - a scroll labelled FOCUSTR ZEOT An adder comes into view.
Found 10 gold pieces.
The adder hisses angrily.
The adder moves out of view.
An adder is nearby!
An adder is nearby!
An adder is nearby!
An adder is nearby!
You miscast Sandblast.
You are very lightly contaminated with residual magic.
Nothing appears to happen.
The blast of sand misses the adder.
The adder bites you. x2
You are poisoned.
The adder poisons you!
The blast of sand hits the adder!
The adder is almost dead.
You feel sick. The adder misses you. The adder bites you.
* * * LOW HITPOINT WARNING * * *
You are too injured to fight recklessly!
You are too injured to fight recklessly!
Magic courses through your body.
You feel sick. The adder bites you.
* * * LOW HITPOINT WARNING * * *
The adder bites you.
You die...

...... #.####..#
#.# ..#.....#
....# #.#....<#
.# ...#.....###
#.#.##.#.########
...#.###.......#
#.#.##.#.######.#
. #...#.##
#@#....#
#.S.#..........
....#.##...######
###.##..##.## .$.
..# #.# #.# .##
#.# ## # #.# ..#


You could see an adder.

Vanquished Creatures
  A giant cockroach (D:2)
  A goblin (D:1)
  A hobgoblin (D:1)
  A bat (D:2)
4 creatures vanquished.

Notes
Turn   | Place    | Note
-------+----------+-------------------------------------------
     0 | D:1      | DemonSlayer the Demonspawn Earth Elementalist began the
                  | quest for the Orb.
     0 | D:1      | Reached XP level 1. HP: 13/13 MP: 3/3
    58 | D:1      | You fall into a shaft and drop 1 floor!
   221 | D:2      | Slain by an adder

Illustrated notes

Levels and vault maps discovered:
D:1:      evilmike_arrival_plus, layout_basic, minmay_misc_feat_ornament
D:2:      layout_loops_ring, basic_altar, nicolae_concentric_dashed_squares_mild

Action                   || total
-------------------------++-------
 Cast: Sandblast         ||     7
  Use: Potion            ||     1
Dodge: Dodged            ||     1
